TOP OF THE 1ST |
Philadelphia Athletics batting - Pitching for El Dorado Oilers : RHP Barton Johnson
|
Pitching: RHP Barton Johnson
|
|
Batting: LHB John Peterson
|
0-0: Called Strike 0-1: Ball 1-1: Ball 2-1: Foul Ball, location: 2F 2-2: Ground out U3 (Groundball, 3)
|
Batting: LHB Brian Boone
|
0-0: Foul Ball, location: 2F 0-1: Reached on error, E6 (Groundball, 6)
|
Batting: RHB Tony Morton
|
0-0: Called Strike 0-1: Ball 1-1: Ball 2-1: Ball 3-1: Base on Balls Brian Boone to second
|
Batting: RHB Alfredo Rivera
|
0-0: Ball 1-0: Ball 2-0: Grounds into double play, 4-6-3 (Groundball, 4)
|
Top of the 1st over - 0 runs, 0 hits, 1 error, 1 left on base; Philadelphia 0 - El Dorado 0 |
BOTTOM OF THE 1ST |
El Dorado Oilers batting - Pitching for Philadelphia Athletics : RHP Butch Ramey
|
Pitching: RHP Butch Ramey
|
|
Batting: LHB Al Gaines
|
0-0: Fly out, F8 (Line Drive, 8LM)
|
Batting: SHB Theron Harper
|
0-0: Ball 1-0: Fly out, F8 (Flyball, 8LD)
|
Batting: LHB José Hernández
|
0-0: Ground out 1-3 (Groundball, 13S)
|
Bottom of the 1st over - 0 runs, 0 hits, 0 errors, 0 left on base; Philadelphia 0 - El Dorado 0 |
TOP OF THE 2ND |
Philadelphia Athletics batting - Pitching for El Dorado Oilers : RHP Barton Johnson
|
Batting: LHB Carter Sweet
|
0-0: SINGLE (Line Drive, 89S)
|
Batting: RHB Valentín Borges
|
0-0: Ball 1-0: Ball 2-0: Foul Ball, location: 2F 2-1: Ball 3-1: Foul Ball, location: 2F 3-2: Foul Ball, location: 2F 3-2: Ground out 4-3 (Groundball, 34) Carter Sweet to second
|
Batting: RHB Anastasio Villa
|
0-0: Ball 1-0: Ball 2-0: Ground out U3 (Groundball, 34) Carter Sweet to third
|
Batting: RHB Miguel Encarnación
|
0-0: Ball 1-0: Ball 2-0: Fly out, F8 (Flyball, 8LXD)
|
Top of the 2nd over - 0 runs, 1 hit, 0 errors, 1 left on base; Philadelphia 0 - El Dorado 0 |
BOTTOM OF THE 2ND |
El Dorado Oilers batting - Pitching for Philadelphia Athletics : RHP Butch Ramey
|
Batting: RHB Sixto Vélez
|
0-0: Ball 1-0: Fly out, F8 (Flyball, 8RM)
|
Batting: LHB Ashley Pickhills
|
0-0: Ball 1-0: DOUBLE (Line Drive, 89D)
|
Batting: LHB José Rivera
|
0-0: Called Strike Ashley Pickhills steals 3rd base 0-1: Foul Ball, location: 2F 0-2: Fly out, F7 (Flyball, 78S) Runner from 3rd tags up, OUT at HOME
|
Bottom of the 2nd over - 0 runs, 1 hit, 0 errors, 0 left on base; Philadelphia 0 - El Dorado 0 |
TOP OF THE 3RD |
Philadelphia Athletics batting - Pitching for El Dorado Oilers : RHP Barton Johnson
|
Batting: SHB Héctor Padilla
|
0-0: Called Strike 0-1: Foul Ball, location: 2F 0-2: SINGLE (Flyball, 89S)
|
Batting: LHB John Peterson
|
0-0: Ball 1-0: Called Strike Throwing error on steal attempt, E2 Héctor Padilla to third 1-1: Foul Ball, location: 2F 1-2: Ball 2-2: Foul Ball, location: 2F 2-2: Strikes out swinging
|
Batting: LHB Brian Boone
|
0-0: Foul Ball, location: 2F 0-1: Fly out, F9 (Flyball, 9) Runner from 3rd tags up, OUT at HOME
|
Top of the 3rd over - 0 runs, 1 hit, 1 error, 0 left on base; Philadelphia 0 - El Dorado 0 |
BOTTOM OF THE 3RD |
El Dorado Oilers batting - Pitching for Philadelphia Athletics : RHP Butch Ramey
|
Batting: RHB Bob Johnson
|
0-0: SINGLE (Groundball, 34D)
|
Batting: SHB Orlando Aguilar
|
0-0: Called Strike 0-1: Fielders Choice at 2nd, 1-4 (Groundball, 15)
|
Batting: LHB Salvador López
|
0-0: Called Strike 0-1: Ball 1-1: Called Strike 1-2: Ball 2-2: Fly out, F9 (Flyball, 9LSF)
|
Batting: LHB Al Gaines
|
0-0: Ball 1-0: Ball Wild Pitch! Orlando Aguilar to second 2-0: Ground out 4-3 (Groundball, 4S)
|
Bottom of the 3rd over - 0 runs, 1 hit, 0 errors, 1 left on base; Philadelphia 0 - El Dorado 0 |
TOP OF THE 4TH |
Philadelphia Athletics batting - Pitching for El Dorado Oilers : RHP Barton Johnson
|
Batting: RHB Tony Morton
|
0-0: Called Strike 0-1: Ball 1-1: Fly out, F8 (Flyball, 8RD)
|
Batting: RHB Alfredo Rivera
|
0-0: Ball 1-0: SINGLE (Line Drive, 7LM)
|
Batting: LHB Carter Sweet
|
0-0: Fly out, F9 (Flyball, 9LD)
|
Batting: RHB Valentín Borges
|
0-0: Called Strike 0-1: Ball 1-1: Swinging Strike 1-2: Strikes out swinging
|
Top of the 4th over - 0 runs, 1 hit, 0 errors, 1 left on base; Philadelphia 0 - El Dorado 0 |
BOTTOM OF THE 4TH |
El Dorado Oilers batting - Pitching for Philadelphia Athletics : RHP Butch Ramey
|
Batting: SHB Theron Harper
|
0-0: Bunt for hit - play at first, batter OUT! 1-3
|
Batting: LHB José Hernández
|
0-0: Ball 1-0: SOLO HOME RUN (Flyball, 9LD), Distance : 354 ft
|
Batting: RHB Sixto Vélez
|
0-0: Swinging Strike 0-1: Ground out 1-3 (Groundball, 13)
|
Pitching: RHP Ricardo Pérez
|
|
Batting: LHB Ashley Pickhills
|
0-0: Called Strike 0-1: Called Strike 0-2: Ball 1-2: SINGLE (Groundball, 4MD)
|
Batting: LHB José Rivera
|
0-0: Ball 1-0: Called Strike 1-1: Ball 2-1: Swinging Strike 2-2: Strikes out swinging
|
Bottom of the 4th over - 1 run, 2 hits, 0 errors, 1 left on base; Philadelphia 0 - El Dorado 1 |
TOP OF THE 5TH |
Philadelphia Athletics batting - Pitching for El Dorado Oilers : RHP Barton Johnson
|
Batting: RHB Anastasio Villa
|
0-0: Fly out, F2 (Popup, 13S)
|
Batting: RHB Miguel Encarnación
|
0-0: Fly out, F7 (Flyball, 7S)
|
Batting: SHB Héctor Padilla
|
0-0: Foul Ball, location: 2F 0-1: Ball 1-1: Ball 2-1: Called Strike 2-2: Foul Ball, location: 2F 2-2: Foul Ball, location: 2F 2-2: Foul Ball, location: 2F 2-2: Foul Ball, location: 2F 2-2: Foul Ball, location: 2F 2-2: DOUBLE (Flyball, 78XD)
|
Batting: LHB John Peterson
|
0-0: Foul Ball, location: 2F 0-1: Ball 1-1: Fly out, F7 (Flyball, 7)
|
Top of the 5th over - 0 runs, 1 hit, 0 errors, 1 left on base; Philadelphia 0 - El Dorado 1 |
BOTTOM OF THE 5TH |
El Dorado Oilers batting - Pitching for Philadelphia Athletics : RHP Ricardo Pérez
|
Batting: RHB Bob Johnson
|
0-0: SOLO HOME RUN (Line Drive, 7D), Distance : 385 ft
|
Batting: SHB Orlando Aguilar
|
0-0: Ground out 6-3 (Groundball, 6)
|
Batting: LHB Salvador López
|
0-0: Ball 1-0: Ball 2-0: Ball 3-0: Base on Balls
|
Batting: LHB Al Gaines
|
0-0: Ball Salvador López steals 2nd base 1-0: Intentional Walk
|
Batting: SHB Theron Harper
|
0-0: Ball 1-0: Called Strike Throwing error on steal attempt, E2 Salvador López scores Al Gaines to third 1-1: Ball 2-1: Ground out 4-3 (Groundball, 4MS)
|
Batting: LHB José Hernández
|
0-0: Intentional Walk
|
Batting: RHB Sixto Vélez
|
0-0: Foul Ball, location: 2F 0-1: Ball 1-1: Ball 2-1: Foul Ball, location: 2F 2-2: Ball 3-2: Fly out, F7 (Flyball, 7LS)
|
Bottom of the 5th over - 2 runs, 1 hit, 1 error, 2 left on base; Philadelphia 0 - El Dorado 3 |
TOP OF THE 6TH |
Philadelphia Athletics batting - Pitching for El Dorado Oilers : RHP Barton Johnson
|
Batting: LHB Brian Boone
|
0-0: Foul Ball, location: 2F 0-1: Ball 1-1: DOUBLE (Flyball, 78D)
|
Batting: RHB Tony Morton
|
0-0: Called Strike 0-1: Fly out, F2 (Popup, 2RF)
|
Batting: RHB Alfredo Rivera
|
0-0: Called Strike 0-1: Called Strike 0-2: Ball 1-2: Ball 2-2: Strikes out looking
|
Batting: LHB Carter Sweet
|
0-0: Called Strike 0-1: Ball 1-1: Called Strike 1-2: Foul Ball, location: 2F 1-2: Foul Ball, location: 2F 1-2: Ball 2-2: Ball 3-2: Foul Ball, location: 2F 3-2: Strikes out looking
|
Top of the 6th over - 0 runs, 1 hit, 0 errors, 1 left on base; Philadelphia 0 - El Dorado 3 |
BOTTOM OF THE 6TH |
El Dorado Oilers batting - Pitching for Philadelphia Athletics : RHP Ricardo Pérez
|
Batting: LHB Ashley Pickhills
|
0-0: Foul Ball, location: 2F 0-1: Called Strike Error on foul ball, E2 0-2: Ball 1-2: Ground out 6-3 (Groundball, 56)
|
Batting: LHB José Rivera
|
0-0: Ground out 4-3 (Groundball, 4)
|
Batting: RHB Bob Johnson
|
0-0: Called Strike 0-1: Ball 1-1: Ball 2-1: Ground out 4-3 (Groundball, 34)
|
Bottom of the 6th over - 0 runs, 0 hits, 1 error, 0 left on base; Philadelphia 0 - El Dorado 3 |
TOP OF THE 7TH |
Philadelphia Athletics batting - Pitching for El Dorado Oilers : RHP Barton Johnson
|
Batting: RHB Valentín Borges
|
0-0: Ball 1-0: Ball 2-0: Swinging Strike 2-1: Ball 3-1: Base on Balls
|
Batting: RHB Anastasio Villa
|
0-0: Ball 1-0: Swinging Strike 1-1: Foul Ball, location: 2F 1-2: Ball 2-2: Strikes out swinging
|
Batting: RHB Miguel Encarnación
|
0-0: Ball 1-0: Ball 2-0: Ball 3-0: Called Strike 3-1: Swinging Strike 3-2: Foul Ball, location: 2F 3-2: Foul Ball, location: 2F 3-2: SINGLE (Groundball, 6) (infield hit) Valentín Borges to second
|
Batting: SHB Héctor Padilla
|
0-0: Swinging Strike 0-1: Ball 1-1: Ball 2-1: Ball 3-1: Foul Ball, location: 2F 3-2: Fly out, F8 (Flyball, 89XD) Runner from 2nd tags up, SAFE at 3rd, no throw
|
Batting: LHB John Peterson
|
0-0: Foul Ball, location: 2F 0-1: Ball 1-1: Ball 2-1: Ball 3-1: Ground out 1-3 (Groundball, P)
|
Top of the 7th over - 0 runs, 1 hit, 0 errors, 2 left on base; Philadelphia 0 - El Dorado 3 |
BOTTOM OF THE 7TH |
El Dorado Oilers batting - Pitching for Philadelphia Athletics : RHP Ricardo Pérez
|
Pitching: RHP António López
|
|
Batting: SHB Orlando Aguilar
|
0-0: Ball 1-0: Called Strike 1-1: Ball 2-1: Fly out, F7 (Flyball, 7S)
|
Batting: LHB Salvador López
|
0-0: Foul Ball, location: 2F 0-1: Ball 1-1: SINGLE (Line Drive, 4M)
|
Pitching: LHP Rob Greene
|
|
Batting: LHB Al Gaines
|
0-0: Ball 1-0: Fly out, F5 (Popup, 5SF)
|
Pitching: LHP Yu-shu Kong
|
|
Batting: SHB Theron Harper
|
0-0: Ball Throwing error on steal attempt, E2 Salvador López to third 1-0: Foul Ball, location: 2F 1-1: Ball 2-1: Called Strike 2-2: SINGLE (Groundball, 6MD) Salvador López scores
|
Batting: LHB José Hernández
|
0-0: Ball Theron Harper steals 2nd base 1-0: Ground out U3 (Groundball, 3)
|
Bottom of the 7th over - 1 run, 2 hits, 1 error, 1 left on base; Philadelphia 0 - El Dorado 4 |
TOP OF THE 8TH |
Philadelphia Athletics batting - Pitching for El Dorado Oilers : RHP Barton Johnson
|
Batting: LHB Brian Boone
|
0-0: Ball 1-0: Fly out, F5 (Popup, 56S)
|
Pitching: RHP César López
|
|
Batting: RHB Tony Morton
|
0-0: Ball 1-0: Foul Ball, location: 2F 1-1: Foul Ball, location: 2F 1-2: Foul Ball, location: 2F 1-2: Ground out 5-3 (Groundball, 56S)
|
Batting: RHB Alfredo Rivera
|
0-0: Ball 1-0: Called Strike 1-1: Foul Ball, location: 2F 1-2: Fly out, F1 (Line Drive, 13)
|
Top of the 8th over - 0 runs, 0 hits, 0 errors, 0 left on base; Philadelphia 0 - El Dorado 4 |
BOTTOM OF THE 8TH |
El Dorado Oilers batting - Pitching for Philadelphia Athletics : LHP Yu-shu Kong
|
Batting: RHB Sixto Vélez
|
0-0: Called Strike 0-1: Foul Ball, location: 2F 0-2: Ball 1-2: Strikes out swinging
|
Batting: LHB Ashley Pickhills
|
0-0: Called Strike 0-1: Swinging Strike 0-2: Ball 1-2: Foul Ball, location: 2F 1-2: Ground out 6-3 (Groundball, 56)
|
Batting: LHB José Rivera
|
0-0: Foul Ball, location: 2F 0-1: Ball 1-1: Called Strike 1-2: Ball 2-2: Strikes out swinging, 2-3 out at first.
|
Bottom of the 8th over - 0 runs, 0 hits, 0 errors, 0 left on base; Philadelphia 0 - El Dorado 4 |
TOP OF THE 9TH |
Philadelphia Athletics batting - Pitching for El Dorado Oilers : RHP César López
|
Batting: LHB Carter Sweet
|
0-0: Ball 1-0: Called Strike 1-1: Swinging Strike 1-2: Ball 2-2: Fly out, F8 (Flyball, 8RXD)
|
Batting: RHB Valentín Borges
|
0-0: Ball 1-0: Fly out, F7 (Flyball, 7)
|
Batting: RHB Anastasio Villa
|
0-0: Fly out, F6 (Line Drive, 56)
|
Top of the 9th over - 0 runs, 0 hits, 0 errors, 0 left on base; Philadelphia 0 - El Dorado 4 |
|